 Dungeon Crawl Stone Soup version 0.30.2 (webtiles) character file.

Game seed: 4728375488646251781

125 visage the Digger (level 5, 0/38 HPs)
             Began as a Meteoran Earth Elementalist on Apr 7, 2024.
             Killed from afar by an orc wizard (6 damage)
             ... with a magic dart
             ... on level 3 of the Dungeon.
             The game lasted 00:04:44 (1186 turns).

visage the Digger (Meteoran Earth Elementalist)     Turns: 1186, Time: 00:04:47

Health: 0/38       AC:  2    Str: 10    XL:     5   Next: 57%
Magic:  21/21      EV: 12    Int: 18    God:
Gold:   108        SH:  0    Dex: 14    Spells: 11/12 levels left

rFire   . . .        (no weapon)
rCold   . . .        (no shield)
rNeg    . . .        a - +0 robe
rPois   .            (no helmet)
rElec   .            (no cloak)
rCorr   .            (no gloves)
SInv    .            (no boots)
Will    .....        e - amulet of magic regeneration
Stlth   +            g - ring of magical power
HPRegen 0.26/turn    (no ring)
MPRegen 0.57/turn

%: no passive effects
@: glowing
A: sense surroundings 1, otherworldly, glowing, explore regen
a: no special abilities


You were on level 3 of the Dungeon.
You visited 1 branch of the dungeon, and saw 3 of its levels.

You collected 108 gold pieces.

Inventory:

Armour
 a - a +0 robe (worn)
Jewellery
 e - an amulet of magic regeneration (around neck)
 g - a ring of magical power (left hand)
Scrolls
 c - 2 scrolls of fear {unknown}
 d - a scroll of fog {unknown}
 f - a scroll of poison {unknown}
 i - a scroll of identify {unknown}
 j - a scroll of immolation {unknown}
 n - a scroll of noise {unknown}
Potions
 b - 2 potions of magic
 h - a potion of flight {unknown}
 k - 2 potions of brilliance {unknown}
 l - 2 potions of attraction {unknown}
 m - a potion of might {unknown}


   Skills:
 - Level 2.4 Dodging
 - Level 1.4 Stealth
 + Level 4.2 Spellcasting
 + Level 3.3 Transmutations
 + Level 4.8 Earth Magic


You had 11 spell levels left.
You knew the following spells:

 Your Spells              Type           Power      Damage    Failure   Level
a - Sandblast             Erth           42%        2d11      1%          1

Your spell library contained the following spells:

 Spells                   Type           Power      Damage    Failure   Level
 Passwall                 Tmut/Erth      15%        N/A       4%          2
 Stone Arrow              Conj/Erth      24%        3d8       16%         3
 Cigotuvi's Dreadful Rot  Necr/Pois/Air  6%         N/A       22%         2
 Ensorcelled Hibernation  Hex/Ice        6%         N/A       22%         2
 Sublimation of Blood     Necr           3%         N/A       22%         2
 Spider Form              Tmut/Pois      9%         N/A       22%         3
 Ignite Poison            Fire/Tmut/Pois 7%         N/A       26%         3
 Petrify                  Tmut/Erth      18%        N/A       26%         4
 Anguish                  Hex/Necr       1%         N/A       82%         4
 Irradiate                Conj/Tmut      4%         3d13      89%         5
 Freezing Cloud           Conj/Ice/Air   1%         6-21      99%         5


Dungeon Overview and Level Annotations

Branches:
Dungeon (3/15) Zot: 573

Altars:
Zin


Innate Abilities, Weirdness & Mutations

You passively map a small area around you.
You are easily found by Zot.
You glow in the dark.
You regain HP and MP as you explore.


Message History

You kill the orc!
An orc priest comes into view. It is wielding a +0 dagger.
The blast of sand hits the orc!
You kill the orc!
The blast of sand hits the orc priest.
The orc priest is moderately wounded.
The orc priest miscasts a cantrip.
The orc priest mumbles some strange prayers to Beogh against you.
Beogh smites you!
The blast of sand hits the orc priest.
The orc priest is heavily wounded.
The blast of sand hits the orc priest!
The orc priest is almost dead.
An orc wizard comes into view. It is wielding a +0 dagger.
The orc priest hits you with a +0 dagger.
The blast of sand hits the orc priest.
You kill the orc priest!
The orc wizard shouts!
You hear a shout!
The orc wizard casts a spell at you. The puff of flame hits you!
You are too injured to fight recklessly!
The orc wizard points at you and mumbles some strange words.
The magic dart hits you!
* * * LOW HITPOINT WARNING * * *
You see here a +0 dagger.
The orc wizard casts a spell.
The orc wizard flickers and vanishes!
Deactivating autopickup; reactivate with Ctrl-A.
You are too injured to fight recklessly!
Items here: )) ††.
Casting: Sandblast (safe; 1% risk of failure)
Confirm with . or Enter, or press ? or * to list all spells.
Aiming: Sandblast (safe; 1% risk of failure)
Press: ? - help, Shift-Dir - straight line The blast of sand hits something.
Something tries to affect you, but you resist.
A worm comes into view.
A magic dart appears from out of thin air!
The magic dart hits you.
You die...

#..........#
#..[.......## ,
########)...# *
...........# *
, .######....#
#...<....# ,
#.#......# , ,
, #.####...####
, ,, ,
#......#..)@###
, ,
###########.).#
, , , ###..{...
, * , ##...w
,... , ,, * *,
.. , ,,,. , ,,
, * , *


You could see a worm (wandering).

Vanquished Creatures
  An orc priest (D:3)
  Jessica (D:2)
  An adder (D:2)
  A dart slug (D:1)
  3 orcs (D:3)
  5 bats (D:1)
  3 endoplasms
  2 giant cockroaches
  5 goblins
  4 hobgoblins
  10 jackals
  5 kobolds
  2 quokkas
  A ball python (D:1)
  2 frilled lizards (D:1)
  6 rats
52 creatures vanquished.

Notes
Turn   | Place    | Note
-------+----------+-------------------------------------------
     0 | D:1      | visage the Meteoran Earth Elementalist began the quest for
                  | the Orb.
     0 | D:1      | Reached XP level 1. HP: 14/14 MP: 5/5
    55 | D:1      | Reached XP level 2. HP: 20/20 MP: 3/6
   153 | D:1      | Reached XP level 3. HP: 25/26 MP: 8/8
   616 | D:2      | Reached XP level 4. HP: 33/33 MP: 10/10
   624 | D:2      | Noticed Jessica
   626 | D:2      | Killed Jessica
   682 | D:2      | Found a glowing silver altar of Zin.
   894 | D:2      | Reached XP level 5. HP: 37/38 MP: 11/11
  1068 | D:2      | Glimpsed the power of Zot.
  1117 | D:1      | Glimpsed the power of Zot.
  1186 | D:3      | Killed from afar by an orc wizard

Illustrated notes

Levels and vault maps discovered:
D:1:      dpeg_arrival_rooms_b, layout_rooms
D:2:      layout_loops_ring, basic_altar, uniq_jessica
D:3:      minmay_spotlight, layout_basic

Skill      XL: |  1  2  3  4  5 |
---------------+----------------+-----
Spellcasting   | 3 4 |  4.2
Earth Magic    | 4 |  4.8
Transmutations | 2 3 |  3.3
Dodging        | |  2.4
Stealth        | |  1.4

Action                     |  1- 3 |  4- 6 || total
---------------------------+-------+-------++-------
  Melee: Unarmed           |     4 |     1 ||     5
   Cast: Sandblast         |    46 |    33 ||    79
 Armour: Robe              |     8 |     1 ||     9
  Dodge: Dodged            |    24 |    10 ||    34
